 Dungeon Crawl Stone Soup version 0.22.1-1-ga44c0e5 (webtiles) character file.

14623 brandon the Severer (level 11, 0/95 HPs)
             Began as a Minotaur Berserker on Oct 1, 2018.
             Was a High Priest of Trog.
             Succumbed to a water moccasin's poison
             ... on level 9 of the Dungeon.
             The game lasted 00:48:40 (12636 turns).

brandon the Severer (Minotaur Berserker)           Turns: 12636, Time: 00:48:40

Health: 0/95       AC: 18    Str: 21    XL:     11   Next: 91%
Magic:  10/10      EV:  7    Int:  4    God:    Trog [*****.]
Gold:   715        SH:  0    Dex: 14    Spells: 10/10 levels left

rFire    . . .     SeeInvis .   a - +2 demon blade (venom)
rCold    . . .     Gourm    +   (no shield)
rNeg     + . .     Faith    .   Y - +0 plate armour
rPois    .         Spirit   .   (helmet restricted)
rElec    .         Reflect  .   (no cloak)
rCorr    +         Harm     .   j - +0 pair of gloves
MR       .....                  S - +2 pair of boots
Stlth    ..........             R - amulet of the gourmand
HPRegen  0.25/turn              C - ring of positive energy
MPRegen  0.12/turn              m - ring of resist corrosion

@: lethally poisoned (0 -> -30), berserk cooldown, slowed, very slow
A: retaliatory headbutt, horns 2
a: Berserk, Trog's Hand, Brothers in Arms, Renounce Religion


You were on level 9 of the Dungeon.
You worshipped Trog.
Trog was extremely pleased with you.
You were very hungry.

You visited 2 branches of the dungeon, and saw 12 of its levels.
You also visited: Ossuary.

You collected 812 gold pieces.
You spent 97 gold pieces at shops.

Inventory:

Hand Weapons
 a - a +2 demon blade of venom (weapon)
 z - a +2 antimagic broad axe
 E - a +1 dagger of venom
 W - a +2 war axe of venom
 Z - a +5 battleaxe
Missiles
 D - 6 silver javelins
 N - 5 tomahawks of returning
 O - 10 javelins (quivered)
 Q - 6 poisoned javelins
Armour
 f - a +0 shield
 j - a +0 pair of gloves (worn)
 S - a +2 pair of boots (worn)
 Y - a +0 plate armour (worn)
Jewellery
 d - an uncursed amulet of magic regeneration
 m - a ring of resist corrosion (right hand)
 B - an uncursed ring of see invisible
 C - a ring of positive energy (left hand)
 L - an uncursed ring of fire
 R - an amulet of the gourmand (around neck)
Wands
 g - a wand of enslavement (9)
 l - a wand of clouds (2)
 K - a wand of disintegration (13)
 X - a wand of polymorph (13)
Scrolls
 e - 4 scrolls of remove curse
 h - 3 scrolls of immolation {unknown}
 i - a scroll of fear {unknown}
 k - 8 scrolls of identify
 n - 2 scrolls of magic mapping {unknown}
 u - 2 scrolls of enchant weapon {unknown}
 w - 3 scrolls of amnesia {unknown}
 x - 3 scrolls of enchant armour
 y - a scroll of holy word {unknown}
 G - 3 scrolls of noise {unknown}
 H - 2 scrolls of blinking {unknown}
 J - 2 scrolls of vulnerability {unknown}
 M - a scroll of fog {unknown}
 P - 2 scrolls of teleportation {unknown}
 T - a scroll of torment {unknown}
 U - a scroll of acquirement {unknown}
Potions
 b - a potion of berserk rage {unknown}
 o - 3 potions of might {unknown}
 p - 2 potions of magic {unknown}
 q - 3 potions of degeneration
 r - 4 potions of brilliance {unknown}
 s - 8 potions of curing {unknown}
 v - 4 potions of flight {unknown}
 A - 2 potions of haste
 F - 2 potions of agility {unknown}
 I - a potion of mutation {unknown}
 V - a potion of resistance {unknown}
Comestibles
 c - 2 rations


   Skills:
 + Level 8.8 Fighting
 * Level 1.5 Long Blades
 - Level 15.7 Axes
 + Level 9.1 Armour
 - Level 2.1 Dodging
 - Level 1.0 Stealth
 + Level 11.2 Shields


You had 10 spell levels left.
You didn't know any spells.
Your spell library contained the following spells:

 Spells                   Type           Power        Failure   Level  Hunger
 Animate Skeleton         Necr           N/A          100%        1    ##.....
 Apportation              Tloc           #.....       100%        1    ##.....
 Beastly Appendage        Tmut           #.....       100%        1    ##.....
 Confusing Touch          Hex            #.....       100%        1    ##.....
 Summon Butterflies       Summ           #.......     100%        1    ##.....
 Summon Small Mammal      Summ           #...         100%        1    ##.....
 Call Imp                 Summ           #.......     100%        2    ###....
 Sticks to Snakes         Tmut           #.......     100%        2    ###....
 Call Canine Familiar     Summ           #.......     100%        3    ####...
 Confuse                  Hex            #.......     100%        3    ####...
 Gell's Gravitas          Tloc           #.........   100%        3    ####...
 Lesser Beckoning         Tloc           #.........   100%        3    ####...
 Spider Form              Tmut/Pois      #.........   100%        3    ####...
 Summon Guardian Golem    Hex/Summ       #.......     100%        3    ####...
 Tukima's Dance           Hex            #.......     100%        3    ####...
 Ice Form                 Ice/Tmut       #.......     100%        4    #####..
 Petrify                  Tmut/Erth      #.......     100%        4    #####..
 Summon Ice Beast         Ice/Summ       #.......     100%        4    #####..
 Summon Lightning Spire   Summ/Air       #.......     100%        4    #####..
 Alistair's Intoxication  Tmut/Pois      #.......     100%        5    ######.
 Blade Hands              Tmut           #.........   100%        5    ######.
 Metabolic Englaciation   Hex/Ice        #.........   100%        5    ######.
 Yara's Violent Unravell  Hex/Tmut       #.........   100%        5    ######.
 Invisibility             Hex            #.......     100%        6    #######


Dungeon Overview and Level Annotations

Branches:
Dungeon (11/15)            Temple (0/1) D:5            Lair (1/6) D:9
    Orc (0/2) D:9

Altars:
Ashenzari
Cheibriados
Hepliaklqana
Kikubaaqudgha
Makhleb
Qazlal
Ru
Vehumet
Wu Jian
Yredelemnul
The Shining One

Shops:
D:10 %*:((

Annotations:
D:4 exclusion: statue
D:10 2 runed doors


Innate Abilities, Weirdness & Mutations

You reflexively headbutt those who attack you in melee.
You have a pair of horns on your head.


Message History

* * * LOW HITPOINT WARNING * * *
There is a staircase back to the Dungeon, spattered with blood here.
Things that are here:
a hippogriff corpse; a black mamba corpse
* * * LOW HITPOINT WARNING * * *
You feel very sick. The water moccasin barely misses you.
You furiously retaliate!
You headbutt the water moccasin. The water moccasin closely misses you.
You furiously retaliate!
You headbutt the water moccasin.
You riposte.
You slash the water moccasin!
The water moccasin is almost dead.
The water moccasin bites you but does no damage.
You climb upwards.
Welcome back to the Dungeon!
* * * LOW HITPOINT WARNING * * *
You feel extremely sick.
There is a staircase to the Lair here.
You slash the water moccasin!
You kill the water moccasin!
Trog accepts your kill.
You die...

# #............#..##..#
#####.#.........>.......#
....#.#..#..####.#.##.#.## ###
###.#.#..#...#######.....# ##..
#
#.#.#..#..#...≈..[#....#####...
#.#....#....#...#..............
#.#..#.#...##P))##....####.....
#.#..#.#.#..P..[...#..# #.#...
#.#..#...#≈..†@...≈#..# #...##
#........#.....P...#..# ##.##
###..###...##..P##....# #.###
#..###....#...#.....# #....
#.......#...≈...#...# ##....
##.......#######....####.....
#####..#.#### ####......_...
#.##....######.##.....##
#.##..#........##....##


There were no monsters in sight!

Vanquished Creatures
  A rakshasa (D:9)
  3 two-headed ogres (D:10)
  The ghost of dscm the Martial Artist, a novice OpFi of Cheibriados (D:9)
  Urug (D:10)
  A black mamba (Lair:1)
  A troll (D:10)
  Grinder (D:6)
  The ghost of Monsterracer the Chiller, an amateur DgIE (D:4)
  2 hippogriffs
  2 wraiths
  6 yaks
  A water moccasin (D:9)
  Duvessa (D:7)
  A black bear (D:7)
  An eye of draining (D:10)
  6 orc warriors
  2 sky beasts (D:10)
  A necrophage (D:10)
  4 phantoms
  3 ice beasts (D:9)
  2 wolves (D:9)
  4 centaurs
  A crocodile (Lair:1)
  5 ogres
  3 elf zombies
  2 big kobolds
  9 bullfrogs
  A wyvern zombie (D:10)
  Dowan (D:7)
  3 elf skeletons (D:4)
  A wyvern skeleton (D:10)
  2 scorpions
  16 killer bees
  12 wights
  2 howler monkeys
  4 crimson imps
  2 bullfrog zombies
  2 quasits
  8 human zombies
  5 hounds
  13 orc wizards
  5 centaur skeletons
  A bullfrog skeleton (D:6)
  A gnoll shaman (D:4)
  A jelly (D:8)
  6 orc priests
  An iguana (D:6)
  Ijyb (D:5)
  A human skeleton (D:4)
  8 worker ants
  2 killer bee zombies
  A big kobold zombie (Ossuary)
  A centaur simulacrum (D:9)
  A hound zombie (D:10)
  3 mummies
  7 gnolls
  7 adders
  4 shadow imps
  3 white imps (D:9)
  3 oozes
  5 adder zombies
  An adder skeleton (D:4)
  3 worms
  3 dart slugs
  7 leopard geckos
  33 orcs
  2 giant cockroaches
  3 gnoll zombies (Ossuary)
  8 goblins
  9 hobgoblins
  8 jackals
  5 quokkas
  A ball python (D:2)
  5 bats
  4 frilled lizards
  10 hobgoblin zombies
  A jackal skeleton (D:6)
  11 kobolds
  4 kobold zombies
  A leopard gecko skeleton (D:9)
  5 orc skeletons (D:6)
  6 orc zombies
  A quokka zombie (D:6)
  9 rats
340 creatures vanquished.

Vanquished Creatures (collateral kills)
  Grum (D:9)
  2 orc warriors
  A bullfrog (D:9)
  An orc priest (D:7)
  5 orc wizards
  4 orcs
14 creatures vanquished.

Vanquished Creatures (others)
  2 fungi (D:9)
  A plant (Lair:1)
3 creatures vanquished.

Grand Total: 357 creatures vanquished

Notes
Turn   | Place    | Note
-------+----------+-------------------------------------------
     0 | D:1      | brandon the Minotaur Berserker began the quest for the Orb.
     0 | D:1      | Reached XP level 1. HP: 19/19 MP: 0/0
   141 | D:1      | Reached skill level 4 in Axes
   288 | D:1      | Reached XP level 2. HP: 21/27 MP: 1/1
   807 | D:1      | Reached XP level 3. HP: 32/33 MP: 2/2
   996 | D:2      | Reached ** piety under Trog
  1018 | D:2      | Reached skill level 5 in Axes
  1213 | D:2      | Reached skill level 1 in Shields
  1469 | D:2      | Found a basalt altar of Yredelemnul.
  1539 | D:2      | Reached XP level 4. HP: 37/40 MP: 3/3
  1797 | D:3      | Found a shattered altar of Ashenzari.
  1805 | D:3      | Found a stormy altar of Qazlal.
  1808 | D:3      | Found a sacrificial altar of Ru.
  1824 | D:3      | Found a snail-covered altar of Cheibriados.
  2500 | D:4      | Reached XP level 5. HP: 35/46 MP: 4/4
  2575 | D:4      | Found a radiant altar of Vehumet.
  2577 | D:4      | Noticed a charred statue
  2586 | D:4      | Reached skill level 6 in Axes
  2593 | D:4      | Reached XP level 6. HP: 52/52 MP: 5/5
  2627 | D:4      | Found a runed door.
  2627 | D:4      | Noticed Monsterracer's ghost (amateur DgIE)
  2714 | D:4      | Reached *** piety under Trog
  2714 | D:4      | Reached skill level 7 in Axes
  2759 | D:4      | Found a sand-covered staircase.
  2774 | Ossuary  | Entered an ossuary
  3043 | Ossuary  | Reached XP level 7. HP: 49/59 MP: 6/6
  3522 | D:4      | Reached skill level 8 in Axes
  4047 | D:4      | Killed Monsterracer's ghost
  4047 | D:4      | Reached skill level 9 in Axes
  4047 | D:4      | Reached skill level 5 in Shields
  4225 | D:5      | Entered Level 5 of the Dungeon
  4320 | D:5      | Reached XP level 8. HP: 48/67 MP: 7/7
  4361 | D:5      | Found an ornate altar of the Wu Jian Council.
  4691 | D:5      | Found a staircase to the Ecumenical Temple.
  4802 | D:5      | Noticed Ijyb
  4817 | D:5      | Killed Ijyb
  5159 | D:6      | Received a gift from Trog
  5204 | D:6      | Reached skill level 5 in Fighting
  5204 | D:6      | Reached skill level 1 in Stealth
  5220 | D:6      | Reached skill level 10 in Axes
  5279 | D:6      | Noticed Grinder
  5280 | D:6      | Paralysed by Grinder for 4 turns
  5302 | D:6      | Killed Grinder
  5453 | D:6      | Found a glowing golden altar of the Shining One.
  5461 | D:6      | Reached **** piety under Trog
  5973 | D:7      | Reached XP level 9. HP: 56/74 MP: 8/8
  5992 | D:7      | Reached skill level 11 in Axes
  6507 | D:7      | Reached skill level 5 in Armour
  6840 | D:7      | Noticed Duvessa
  6840 | D:7      | Noticed Dowan
  6855 | D:7      | Killed Duvessa
  6857 | D:7      | Killed Dowan
  7097 | D:8      | Reached ***** piety under Trog
  7482 | D:8      | Reached skill level 12 in Axes
  7841 | D:8      | Reached XP level 10. HP: 83/83 MP: 9/9
  7956 | D:8      | Found an ancient bone altar of Kikubaaqudgha.
  7959 | D:8      | Found a burning altar of Makhleb.
  8035 | D:8      | Received a gift from Trog
  8235 | D:8      | Found a basalt altar of Yredelemnul.
  8492 | D:9      | Noticed a rakshasa
  8509 | D:9      | Killed a rakshasa
  8509 | D:9      | Reached skill level 13 in Axes
  8525 | D:9      | Reached skill level 10 in Shields
  8557 | D:9      | Noticed dscm's ghost (novice OpFi)
  8578 | D:9      | Found a runed gate.
  8578 | D:9      | Found a runed gate.
  8578 | D:9      | Found a runed gate.
  8626 | D:9      | Found a staircase to the Orcish Mines.
  8626 | D:9      | Noticed Grum
  8676 | D:9      | Killed Grum
  8797 | D:9      | Paralysed by fainting for 8 turns
  9143 | D:9      | Killed dscm's ghost
  9253 | D:9      | Reached skill level 14 in Axes
  9588 | D:9      | Reached XP level 11. HP: 83/92 MP: 10/10
  9655 | D:9      | Found a hazy altar of Hepliaklqana.
  9710 | D:9      | Found a staircase to the Lair.
  9985 | D:10     | Entered Level 10 of the Dungeon
  9985 | D:10     | Found Umpoesyk's Weapon Boutique.
 10006 | D:10     | Found Daegegar's General Store.
 10017 | D:10     | Bought a scroll of enchant armour for 97 gold pieces
 10204 | D:10     | Noticed a two-headed ogre
 10215 | D:10     | Killed a two-headed ogre
 10405 | D:10     | Noticed a fire dragon
 10405 | D:10     | Noticed an ice dragon
 10406 | D:10     | Noticed a fire dragon
 10406 | D:10     | Noticed an ice dragon
 10407 | D:10     | Found a runed door.
 10408 | D:10     | Found the +2 shield of Resistance {rF+ rC+ MR+}
 10408 | D:10     | Found a runed door.
 10439 | D:10     | Found Madghemm's Book Boutique.
 10454 | D:10     | Found Yhexuruo's Weapon Shop.
 10885 | D:10     | Found Kewamm's Food Shoppe.
 10896 | D:10     | Noticed a two-headed ogre
 10906 | D:10     | Killed a two-headed ogre
 11097 | D:10     | Received a gift from Trog
 11537 | D:10     | Noticed Urug
 11555 | D:10     | Killed Urug
 11555 | D:10     | Reached skill level 15 in Axes
 11972 | D:11     | Noticed a two-headed ogre
 12110 | D:10     | Killed a two-headed ogre
 12605 | Lair:1   | Entered Level 1 of the Lair of Beasts
 12626 | Lair:1   | Reached skill level 1 in Long Blades
 12630 | Lair:1   | HP: 4/95 [water moccasin (6)]
 12636 | D:9      | Succumbed to a water moccasin's poison

Skill      XL: |  1  2  3  4  5  6  7  8  9 10 11 |
---------------+----------------------------------+-----
Axes           | 4 5 6 7 9 10 12 14 15 | 15.7
Shields        | 1 2 3 4 5 7 9 10 11 | 11.2
Armour         | 3 4 6 7 9 |  9.1
Fighting       | 4 5 6 7 8 |  8.8
Stealth        | 1 |  1.0
Long Blades    | 1 |  1.5
Dodging        | |  2.1

Action                   |  1- 3 |  4- 6 |  7- 9 | 10-12 || total
-------------------------+-------+-------+-------+-------++-------
Melee: Hand axe          |    95 |   117 |   443 |   131 ||   786
       Headbutt          |    17 |    22 |   125 |   123 ||   287
       Dagger            |       |       |    67 |       ||    67
       War axe           |       |       |       |   279 ||   279
       Broad axe         |       |       |       |    60 ||    60
       Battleaxe         |       |       |       |    24 ||    24
       Demon blade       |       |       |       |    21 ||    21
Invok: Berserk           |       |     2 |     6 |     4 ||    12
       Trog's Hand       |       |     1 |       |       ||     1
       Brothers in Arms  |       |       |     1 |     2 ||     3
  Use: Scroll            |       |       |     3 |     3 ||     6
       Potion            |       |       |     1 |     6 ||     7
 Stab: Sleeping          |     1 |       |       |       ||     1
  Eat: Chunk             |     1 |     3 |     1 |     4 ||     9
       Ration            |     1 |     1 |     5 |     5 ||    12
Armor: Animal skin       |     4 |       |       |       ||     4
       Scale mail        |    30 |    13 |       |       ||    43
       Skin              |       |     3 |     3 |     1 ||     7
       Chain mail        |       |       |   141 |    99 ||   240
       Plate armour      |       |       |       |   103 ||   103
Dodge: Dodged            |    35 |    48 |    88 |   141 ||   312
Block: Shield            |    35 |    49 |   224 |   249 ||   557
       Rpst.: Demon blade |       |       |       |     7 ||     7
